cohdb
Replays
Latest Replays
All Replays
Popular Replays
Top Player Replays
Match Explorer
How It Works
Community
CoH3 Stats
Reddit
Sign in to upload your games and track your stats! →
Sign in with Steam
Match 32554342
Unlisted
Match 32554342
Overview
Messages
Build Orders
End
Construct Barracks
Scout Squad
Riflemen Squad
Riflemen Squad
Riflemen Squad
Infantry Support Center
Construct Motor Pool
Selects Armored Battlegroup
Selects Veteran Crews
Selects Fast Deploy
M8 Greyhound Armored Car
Engineer Squad
Construct Medical Station
M1 Anti-tank Gun Team
M1918 Browning Automatic Rifles
Selects M31 Recovery Vehicle
Selects War Machine
M1 Mortar Team
Construct Tank Depot
Grenade Package
Selects Seek and Destroy
Selects UNKNOWN (2160077)
M4A3E8 Sherman Easy Eight
M1 Anti-tank Gun Team
M4A3E8 Sherman Easy Eight
Stana
MaXiS
0
0
Comments
sign in to comment!
No comments posted yet!